 Dungeon Crawl Stone Soup version 0.28.0-43-g3370ac3207 (webtiles) character file.

Game seed: 16783624432858460592

35 Iusername the Covered (level 3, -6/33 HPs)
             Began as a Minotaur Fighter on Apr 1, 2022.
             Was a Follower of Zin.
             Mangled by Sigmund
             ... wielding a +0 scythe
              (7 damage)
             ... on level 2 of the Dungeon.
             The game lasted 00:04:11 (947 turns).

Iusername the Covered (Minotaur Fighter)             Turns: 947, Time: 00:04:11

Health: -6/33      AC:  7    Str: 20    XL:     3   Next: 16%
Magic:  2/2        EV:  9    Int:  7    God:    Zin [*.....]
Gold:   38         SH:  4    Dex:  9    Spells: 2/2 levels left

rFire   . . .      SeeInvis .   f - +1 spear (vorpal)
rCold   . . .      Faith    .   c - +0 buckler
rNeg    . . .      Spirit   .   b - +0 scale mail
rPois   .          Reflect  .   (helmet restricted)
rElec   .          Harm     .   (no cloak)
rCorr   .          Rampage  .   (no gloves)
Will    .....                   (no boots)
Stlth   ..........              (no amulet)
HPRegen 0.11/turn               (no ring)
MPRegen 0.08/turn               (no ring)

@: no status effects
A: horns 2, retaliatory headbutt
a: Renounce Religion, Recite, Donate Gold


You were on level 2 of the Dungeon.
You worshipped Zin.
Zin was aware of your devotion.
You visited 1 branch of the dungeon, and saw 2 of its levels.

You collected 42 gold pieces.
You donated 4 gold pieces to Zin.

Inventory:

Hand Weapons
 a - a +0 long sword
 f - a +1 vorpal spear (weapon)
Armour
 b - a +0 scale mail (worn)
 c - a +0 buckler (worn)
Scrolls
 g - a scroll of fog {unknown}
 h - a scroll of identify {unknown}
 i - a scroll of immolation {unknown}
Potions
 d - a potion of might
 e - a potion of curing {unknown}
 j - a potion of mutation {unknown}
 k - a potion of resistance {unknown}


   Skills:
 + Level 4.1 Fighting
 + Level 2.6 Long Blades
 + Level 0.5 Polearms
 + Level 4.2 Armour
 + Level 0.6 Dodging
 + Level 3.9 Shields


You had 2 spell levels left.
You didn't know any spells.
Your spell library was empty.

Dungeon Overview and Level Annotations

Branches:
Dungeon (2/15)

Altars:
Zin

Annotations:
D:2 Sigmund


Innate Abilities, Weirdness & Mutations

You have a pair of horns on your head.
You reflexively headbutt those who attack you in melee.


Message History

There is an open door here.
Found 4 arrows.
A hobgoblin comes into view.
The hobgoblin shouts!
Sigmund the Dreaded comes into view.
He is wielding a +0 scythe.
Found a scroll labelled TOASETZ ZICOWO and 2 amethyst potions.
Sigmund shouts!
Sigmund gestures at you while chanting.
The magic dart hits you but does no damage.
The hobgoblin closely misses you.
Sigmund points at you and mumbles some strange words.
You resist with significant effort.
Sigmund drinks a potion.
Sigmund seems to grow stronger.
Sigmund hits you from afar with a +0 scythe.
You hit the hobgoblin but do no damage. Sigmund barely misses you.
The hobgoblin closely misses you.
You hit the hobgoblin.
The hobgoblin is severely wounded.
The hobgoblin hits you but does no damage.
Sigmund hits you but does no damage.
You puncture the hobgoblin!
You kill the hobgoblin!
Sigmund barely misses you.
Sigmund points at you and mumbles some strange words.
The puff of flame hits you. Sigmund casts a spell at you.
The magic dart hits you.
You see here a hobgoblin corpse.
Sigmund closely misses you. You block Sigmund's attack.
Sigmund casts a spell.
Sigmund flickers and vanishes!
Deactivating autopickup; reactivate with Ctrl-A.
Something hits you!
You hear some strange, mumbled words.
A puff of flame appears from out of thin air!
The puff of flame hits you!
* * * LOW HITPOINT WARNING * * *
Something hits you!
You die...

####.#.#.. ..............#
.....#.#.# ..#..........#
####...#.#. ..#..........#
####...#.##.##.#.?........#
##........<...(+..........#
##......######.#..........#
##......'........{..†.....+
##..†...######.#..........#
##.............#@.........#
#.......#######..........#
#...).........#..........#
#........####.#..........#
#......#.# #!.........#
#.######.# #..........# #.
.# ######### ## ##


There were no monsters in sight!

Vanquished Creatures
  A worm (D:2)
  3 dart slugs
  An endoplasm (D:1)
  A giant cockroach (D:2)
  2 goblins
  3 hobgoblins
  2 quokkas
  A ball python (D:1)
  3 bats (D:1)
  A frilled lizard (D:1)
  4 kobolds (D:1)
  2 rats (D:1)
24 creatures vanquished.

Vanquished Creatures (others)
  4 plants (D:1)
  3 withered plants (D:1)
7 creatures vanquished.

Grand Total: 31 creatures vanquished

Notes
Turn   | Place    | Note
-------+----------+-------------------------------------------
     0 | D:1      | Iusername the Minotaur Fighter began the quest for the Orb.
     0 | D:1      | Reached XP level 1. HP: 19/19 MP: 0/0
   250 | D:1      | Reached XP level 2. HP: 21/27 MP: 1/1
   544 | D:1      | Found a faded altar of an unknown god.
   561 | D:1      | Prayed at the altar of an unknown god.
   561 | D:1      | Became a worshipper of Zin the Law-Giver
   561 | D:1      | Reached * piety under Zin
   893 | D:2      | Reached XP level 3. HP: 33/33 MP: 2/2
   925 | D:2      | Noticed Sigmund
   946 | D:2      | HP: 1/33 [something/puff of flame (10)]
   947 | D:2      | Mangled by Sigmund

Illustrated notes

Levels and vault maps discovered:
D:1:      lightli_arrival_statue_moat, layout_basic,
          shapermc_ecumenical_altar_flowoftime
D:2:      layout_basic, nicolae_elevator_lobby_asterisk, uniq_sigmund,
          uniq_terence

Skill      XL: |  1  2 |
---------------+-------+-----
Fighting       | 4 |  4.1
Armour         | 4 |  4.2
Long Blades    | |  2.6
Polearms       | |  0.5
Dodging        | |  0.6
Shields        | |  3.9

Action                   || total
-------------------------++-------
Melee: Spear             ||    81
       Long sword        ||     3
       Headbutt          ||    12
Armor: Scale mail        ||    36
Dodge: Dodged            ||    38
Block: Buckler           ||    21
